 Dungeon Crawl Stone Soup version 0.20.1-1-g8b1a95d (webtiles) character file.

21 digijack the Vexing (level 2, 0/19 HPs)
             Began as a Vampire Wanderer on Dec 20, 2017.
             Killed from afar by a dart slug (6 damage)
             ... with a slug dart
             ... on level 1 of the Dungeon on Dec 29, 2017.
             The game lasted 00:10:17 (1272 turns).

digijack the Vexing (Vampire Wanderer)              Turns: 1272, Time: 00:10:18

Health: 0/19       AC:  2    Str: 10    XL:     2   Next: 62%
Magic:  0/5        EV: 11    Int: 20    God:
Gold:   17         SH:  0    Dex: 12    Spells: 2/5 levels left

rFire    . . .     SeeInvis +   (no weapon)
rCold    . . .     Gourm    .   (no shield)
rNeg     + . .     Faith    .   c - +0 robe
rPois    .         Spirit   .   (no helmet)
rElec    .         Reflect  .   (no cloak)
rCorr    .         Harm     .   (no gloves)
MR       .....                  (no boots)
Stlth    +.........             d - amulet of inaccuracy (curse)
Regen    0.1/turn               (no ring)
MPRegen  0.1/turn               (no ring)

@: very slightly contaminated
A: fangs 3, see invisible, agile 1, blink, clever 1, unbreathing
a: Blink


You were on level 1 of the Dungeon.
You were not thirsty.

You visited 1 branch of the dungeon, and saw 1 of its levels.

You collected 17 gold pieces.

Inventory:

Armour
 c - a +0 robe (worn)
Jewellery
 d - a cursed amulet of inaccuracy (around neck)
Potions
 e - 5 potions of blood
Books
 a - a book of Minor Magic

   Spells                             Type                      Level
   a - Magic Dart                     Conjuration                  1
   b - Blink                          Translocation                2
   c - Call Imp                       Summoning                    2
   d - Slow                           Hexes                        2
   e - Conjure Flame                  Conjuration/Fire             3
   f - Mephitic Cloud                 Conjuration/Poison/Air       3
 b - Olaruovoypn's Tome of Combat Magic

   Spells                             Type                      Level
   a - Flame Tongue                   Conjuration/Fire             1
   b - Dazzling Spray                 Conjuration/Hexes            3


   Skills:
 * Level 0.9 Dodging
 * Level 0.4 Stealth
   Level 1.7 Shields
 * Level 0.4 Unarmed Combat
 * Level 2.1 Spellcasting
 * Level 1.0 Conjurations
 + Level 4.4 Hexes
   Level 2.1 Charms
   Level 1.1 Transmutations


You had 2 spell levels left.
You knew the following spells:

 Your Spells              Type           Power        Failure   Level  Hunger
a - Magic Dart            Conj           #...         10%         1    #......
b - Slow                  Hex            ###.....     3%          2    ##.....


Dungeon Overview and Level Annotations

Branches:
Dungeon (1/15)

Altars:


Innate Abilities, Weirdness & Mutations

You have razor-sharp teeth.
You have supernaturally acute eyesight. (SInv)
You can survive without breathing.
You are agile. (Dex +2)
You can translocate small distances at will.
Your mind is acute. (Int +2)


Message History

Confirm with . or Enter, or press ? or * to list all spells.
Aiming: Magic Dart
Press: ? - help, Shift-Dir - straight line, f/p - dart slug
Aim: a dart slug (heavily wounded, clinging)
The magic dart hits the dart slug.
The dart slug is heavily wounded.
The dart slug bites you. The dart slug launches a dart at you.
The slug dart hits you!
* * * LOW HITPOINT WARNING * * *
Casting: Magic Dart
Confirm with . or Enter, or press ? or * to list all spells.
Aiming: Magic Dart
Press: ? - help, Shift-Dir - straight line, f/p - dart slug
Aim: a dart slug (heavily wounded, clinging)
The magic dart hits the dart slug.
The dart slug is almost dead.
The dart slug launches a dart at you. The slug dart hits you!
You die...

#........## #...
#.......... #...
#...(...... ###...
#.......... #.....
#........## #.....
#.........# #.....
#.........#
#.....#######.........#
#.....@.....w......##..
#.....#################
#..... ####.# #. #. #


You could see a dart slug.

Vanquished Creatures
  A leopard gecko (D:1)
  A giant cockroach (D:1)
  3 goblins (D:1)
  A hobgoblin (D:1)
  2 kobolds (D:1)
  5 bats (D:1)
  A frilled lizard (D:1)
  7 rats (D:1)
21 creatures vanquished.

Notes
Turn   | Place    | Note
-------+----------+-------------------------------------------
     0 | D:1      | digijack the Vampire Wanderer began the quest for the Orb.
     0 | D:1      | digijack set off with: a book of Minor Magic, Olaruovoypn's Tome of Combat Magic, a +0 robe, a +0 club, a potion of blood
     0 | D:1      | Reached XP level 1. HP: 13/13 MP: 3/3
     3 | D:1      | Learned a level 1 spell: Magic Dart
   403 | D:1      | Reached XP level 2. HP: 8/19 MP: 0/5
   510 | D:1      | Reached skill level 1 in Conjurations
   624 | D:1      | Learned a level 2 spell: Slow
   635 | D:1      | Gained mutation: You can translocate small distances at will. [potion of mutation]
   635 | D:1      | Gained mutation: Your mind is acute. (Int +2) [potion of mutation]
   635 | D:1      | Gained mutation: You are agile. (Dex +2) [potion of mutation]
  1272 | D:1      | Killed from afar by a dart slug

Skill      XL: |  1  2 |
---------------+-------+-----
Conjurations   | 1 |  1.0
Dodging        | |  0.9
Stealth        | |  0.4
Shields        | |  1.7
Unarmed Combat | |  0.4
Spellcasting   | |  2.1
Hexes          | |  4.4
Charms         | |  2.1
Transmutations | |  1.1

Action                   || total
-------------------------++-------
Melee: Unarmed           ||    55
       Bite              ||     5
 Cast: Magic Dart        ||    44
       Slow              ||     1
  Use: Potion            ||     3
       Scroll            ||     1
  Eat: Corpse            ||     1
Armor: Robe              ||    12
Dodge: Dodged            ||    42
